 Dungeon Crawl Stone Soup version 0.31-a0-364-gb59cdcccf2 (webtiles) character file.

Game seed: 16613587233083070932

330 Dirtsage the Ruffian (level 6, -3/38 HPs)
             Began as an Octopode Shapeshifter on July 27, 2023.
             Was an Initiate of the Shining One.
             Slain by a sky beast (5 damage)
             ... on level 4 of the Dungeon.
             The game lasted 00:05:05 (2655 turns).

Dirtsage the Ruffian (Octopode Shapeshifter)        Turns: 2655, Time: 00:05:06

Health: -3/38      AC:  1    Str: 15    XL:     6   Next: 51%
Magic:  6/6        EV: 13    Int: 12    God:    the Shining One [......]
Gold:   166        SH:  0    Dex: 12    Spells: 5/5 levels left

rFire   . .          .
                       - Unarmed
rCold   . . .        (no shield)
rNeg    . . .        (helmet currently unavailable)
rPois   .            (no amulet)
rElec   .            (no ring)
rCorr   .            (no ring)
SInv    .            (no ring)
Will    .....        (no ring)
Stlth   +            (no ring)
HPRegen 0.26/turn    (no ring)
MPRegen 0.10/turn    (no ring)
                     (no ring)

%: no passive effects
@: beast-form, glowing
A: beast (slay +3), almost no armour, amphibious, 8 rings, camouflage 1,
gelatinous body 1, (nimble swimmer 1), tentacles
a: Begin Untransformation, Renounce Religion


You were on level 4 of the Dungeon.
You worshipped the Shining One.
The Shining One was noncommittal.
You were a hulking beast.
You visited 1 branch of the dungeon, and saw 4 of its levels.

You collected 166 gold pieces.

Inventory:

Talismans
 b - a beast talisman
Wands
 a - a wand of polymorph (8)
Scrolls
 c - a scroll of poison {unknown}
 d - a scroll of silence {unknown}
 i - 2 scrolls of fear {unknown}
 j - 2 scrolls of identify {unknown}
 l - a scroll of teleportation {unknown}
 m - a scroll of brand weapon {unknown}
Potions
 e - 2 potions of brilliance {unknown}
 f - 2 potions of berserk rage {unknown}
 g - a potion of might {unknown}
 h - a potion of experience {unknown}
 k - a potion of enlightenment {unknown}


   Skills:
 - Level 1.0 Fighting
 - Level 2.0 Dodging
 + Level 5.4 Unarmed Combat
 + Level 4.8 Shapeshifting


You had 5 spell levels left.
You didn't know any spells.
Your spell library contained the following spells:

 Spells                   Type           Power      Damage    Failure   Level
 Apportation              Tloc           0%         N/A       32%         1
 Necrotise                Necr           0%         1d4       32%         1
 Summon Small Mammal      Summ           0%         N/A       32%         1


Dungeon Overview and Level Annotations

Branches:
Dungeon (4/15)
 Temple: D:4-7

Altars:
Hepliaklqana
Qazlal
The Shining One

Shops:
D:4 :


Innate Abilities, Weirdness & Mutations

You are a hulking beast.
Your limbs bulge with bestial killing power. (Slay +3)
You cannot wear most types of armour.
You are amphibious.
You can wear up to eight rings at the same time.
Your skin changes colour to match your surroundings (Stealth+).
Your rubbery body absorbs attacks. (AC +1, EV +1)
((You are camouflaged when in or above water. (Stealth+)))
You have tentacles for arms and can constrict up to eight enemies at once.


Message History

You see here 7 stones.
Found Muset's Book Boutique.
Found a stone staircase leading down.
There is an entrance to Muset's Book Boutique here.
There is a stone staircase leading down here.
You now have 166 gold pieces (gained 12).
You open the door.
There is an open door here.
You see here a +0 dagger.
An orc comes into view. It is wielding a +0 hand axe.
You completely miss the orc. You grab the orc. You tentacle-slap the orc.
You squeeze the orc.
You kill the orc!
No target in view!
Things that are here:
a +0 hand axe; a +0 scale mail You open the door.
There is an open door here.
Found a stone staircase leading up.
A sky beast is nearby!
A sky beast is nearby!
The sky beast flickers out of sight!
Deactivating autopickup; reactivate with Ctrl-A.
You closely miss something. Your squeeze misses something. Something hits you.
Something shocks you.
You take 9 damage, and have 29/38 hp.
MASSIVE DAMAGE!!
You closely miss something. Something hits you. Something shocks you.
You take 7 damage, and have 22/38 hp.
You barely miss something. Your squeeze misses something. Something hits you.
Something shocks you.
You take 8 damage, and have 14/38 hp.
MASSIVE DAMAGE!!
You miss something. Your squeeze misses something.
Something hits you but does no damage.
You tentacle-slap something. Something hits you. Something shocks you.
* * * LOW HITPOINT WARNING * * *
You take 8 damage, and have 7/38 hp.
MASSIVE DAMAGE!!
You bludgeon something! Something hits you.
* * * LOW HITPOINT WARNING * * *
Something shocks you.
You die...

.# #.....[.. ................
.#####.........................##
.................................
.#####.........................#.
.# #...........................
## #.........................##
#.........................##
#..........{g...............
#.......<..h...รท..........##
#.........................#
#.........................##
#...........................
#..........................#
#..........................#
#...........................
#.........................#.
#.........................#.


You could see a hobgoblin.

Vanquished Creatures
  Sigmund (D:2)
  An iguana (D:4)
  8 adders
  5 worms
  3 dart slugs
  An orc (D:4)
  7 ball pythons
  6 bats
  7 endoplasms
  A giant cockroach (D:3)
  9 goblins
  7 hobgoblins
  3 kobolds
  A frilled lizard (D:1)
  5 rats
65 creatures vanquished.

Notes
Turn   | Place    | Note
-------+----------+-------------------------------------------
     0 | D:1      | Dirtsage the Octopode Shapeshifter began the quest for the
                  | Orb.
     0 | D:1      | Reached XP level 1. HP: 13/13 MP: 1/1
   116 | D:1      | Reached XP level 2. HP: 17/18 MP: 2/2
   424 | D:1      | Reached XP level 3. HP: 21/23 MP: 3/3
   884 | D:2      | Noticed Sigmund
   889 | D:2      | Reached skill level 4 in Unarmed Combat
   889 | D:2      | Reached XP level 4. HP: 24/28 MP: 4/4
   896 | D:2      | Killed Sigmund
   897 | D:2      | Reached XP level 5. HP: 33/33 MP: 5/5
   900 | D:2      | Reached skill level 5 in Unarmed Combat
  1150 | D:2      | Reached XP level 6. HP: 37/38 MP: 6/6
  1602 | D:3      | Found a glowing golden altar of the Shining One.
  1643 | D:3      | Became a worshipper of the Shining One
  1706 | D:3      | Found a hazy altar of Hepliaklqana.
  2298 | D:4      | Noticed a sky beast
  2437 | D:4      | Found a stormy altar of Qazlal.
  2458 | D:4      | Found Muset's Book Boutique.
  2655 | D:4      | Slain by a sky beast

Illustrated notes

Levels and vault maps discovered:
D:1:      scummos_arrival_star, layout_loops_ring
D:2:      layout_loops_ring, hangedman_feature_mirror,
          kennysheep_generic_room_9, uniq_sigmund
D:3:      layout_loops_ring, tso_oasis_becter,
          mainiacjoe_overflow_small_starburst
D:4:      layout_basic, amethyst_overflow_temple_binary,
          nicolae_qazlal_general_emergency, serial_shops, shop,
          minmay_misc_feat_rugged

Skill      XL: |  1  2  3  4  5 |
---------------+----------------+-----
Unarmed Combat | 4 5 |  5.4
Shapeshifting  | 4 |  4.8
Fighting       | |  1.0
Dodging        | |  2.0

Action                     |  1- 3 |  4- 6 || total
---------------------------+-------+-------++-------
  Melee: Unarmed           |    48 |    61 ||   109
         Tentacles         |    17 |    10 ||    27
         Constrict         |    14 |    16 ||    30
         Punch             |     1 |     3 ||     4
    Use: Potion            |       |     1 ||     1
   Stab: Sleeping          |     9 |     4 ||    13
 Armour: Skin              |     3 |     4 ||     7
  Dodge: Dodged            |    21 |    27 ||    48

Table legend: (Time is in decaauts)
 A = Elapsed time spent in this place.
 B = Non-inter-level travel time spent in this place.
 C = Inter-level travel time spent in this place.
 D = Time resting spent in this place.
 E = Time spent auto-exploring this place.
 F = Levels seen in this place.
 G = Mean time per level.
                   A        B        C        D        E       F      G
               +--------+--------+--------+--------+--------+-----+--------+
         Total |   2646 |   2551 |     95 |    123 |   2046 |   4 |  661.5 |
       Dungeon |   2646 |   2551 |     95 |    123 |   2046 |   4 |  661.5 |
               +--------+--------+--------+--------+--------+-----+--------+

Top non-repeatable levels by time:
     D:3: 795 daAuts
     D:2: 740 daAuts
     D:1: 674 daAuts
     D:4: 435 daAuts
